 Dungeon Crawl Stone Soup version 0.28-b1-25-g9875b3fc8c (webtiles) character file.

Game seed: 8009752318500171691

90 MacCMillion the Covered (level 4, -4/29 HPs)
             Began as a Gargoyle Fighter on Feb 1, 2022.
             Killed from afar by a white imp (8 damage)
             ... with a puff of frost
             ... summoned by Natasha
             ... on level 2 of the Dungeon.
             The game lasted 00:02:46 (1649 turns).

MacCMillion the Covered (Gargoyle Fighter)          Turns: 1649, Time: 00:02:46

Health: -4/29      AC: 10    Str: 22    XL:     4   Next: 56%
Magic:  4/4        EV:  9    Int:  8    God:
Gold:   58         SH:  4    Dex:  9    Spells: 3/3 levels left

rFire   . . .      SeeInvis .   a - +0 flail
rCold   . . .      Faith    .   c - +0 buckler
rNeg    + . .      Spirit   .   b - +0 scale mail
rPois   ∞          Reflect  .   (no helmet)
rElec   +          Harm     .   (no cloak)
rCorr   .          Rampage  .   (no gloves)
Will    .....                   (no boots)
Stlth   ..........              (no amulet)
HPRegen 0.09/turn               (no ring)
MPRegen 0.09/turn               (no ring)

@: no status effects
A: sickness immunity, AC +3, negative energy resistance 1, electricity
resistance, torment resistance 1, petrification resistance
a: no special abilities


You were on level 2 of the Dungeon.
You visited 1 branch of the dungeon, and saw 2 of its levels.

You collected 58 gold pieces.

Inventory:

Hand Weapons
 a - a +0 flail (weapon)
Armour
 b - a +0 scale mail (worn)
 c - a +0 buckler (worn)
Scrolls
 f - a scroll of teleportation {unknown}
 i - a scroll of enchant weapon {unknown}
 j - a scroll of amnesia {unknown}
Potions
 d - a potion of might
 e - a potion of mutation {unknown}
 g - a potion of magic {unknown}
 h - 2 potions of haste {unknown}


   Skills:
 + Level 4.0 Fighting
 + Level 2.8 Maces & Flails
 + Level 4.0 Armour
 - Level 4.0 Shields


You had 3 spell levels left.
You didn't know any spells.
Your spell library was empty.

Dungeon Overview and Level Annotations

Branches:
Dungeon (2/15)

Altars:

Annotations:
D:2 Natasha


Innate Abilities, Weirdness & Mutations

You are immune to sickness and miasma.
Your stone body is resilient. (AC +3)
You are immune to poison.
You resist negative energy. (rN+)
You are resistant to electric shocks. (rElec)
You are resistant to unholy torment.
You are immune to petrification.


Message History

You hit the worm.
The worm is almost dead.
The worm bites you but does no damage.
You hit the worm.
You kill the worm!
No target in view!
HP restored.
Natasha, Servant of Life and Death comes into view.
She is carrying a wand of flame (17).
Natasha is nearby!
Natasha hisses angrily.
Found a stone staircase leading up.
Natasha mumbles some strange words.
The white imp gestures at you. The puff of frost hits you.
You block the white imp's attack.
Natasha stares at you and mumbles some strange words.
The magic dart hits you.
The white imp hits you but does no damage.
You hit Natasha.
Natasha is moderately wounded.
Natasha mumbles some strange words.
The white imp hits you but does no damage.
You closely miss Natasha.
Natasha is moderately wounded.
Natasha claws you but does no damage. The white imp hits you.
The white imp freezes you.
You closely miss Natasha.
Natasha is moderately wounded.
Natasha claws you. You block the white imp's attack.
You barely miss Natasha.
Natasha is moderately wounded.
Natasha zaps a wand.
The puff of flame hits you!
* * * LOW HITPOINT WARNING * * *
The white imp closely misses you.
The crimson imp blinks!
Natasha casts a spell at you. The magic dart hits you.
* * * LOW HITPOINT WARNING * * *
The white imp gestures at you. The puff of frost hits you!
You die...

#####............#.........##
.......................†...>#
#####†...........####..#.##.#
###.#####.####..####..####.#
##.....................#<##†#
.............5.................#
##..........................##.#
##...#####.#.#....#.#..#.#### #
.....##### #....@5#.#..#.#
##..............§h.......#
##..÷#####.###.........#.#
.....)............#.#..#.#
..................#.#..# #
........................
#..#.#.####.#...### #. #..#.#.#
#.#... .. .......####.


You could see Natasha, a crimson imp (summoned) and a white imp (summoned).

Vanquished Creatures
  Natasha (D:2)
  2 adders (D:2)
  2 worms (D:2)
  3 ball pythons
  2 endoplasms (D:2)
  3 giant cockroaches
  A goblin (D:1)
  5 hobgoblins (D:1)
  3 jackals (D:1)
  6 kobolds
  2 quokkas
  4 bats
  2 frilled lizards (D:1)
  A rat (D:1)
37 creatures vanquished.

Notes
Turn   | Place    | Note
-------+----------+-------------------------------------------
     0 | D:1      | MacCMillion the Gargoyle Fighter began the quest for the
                  | Orb.
     0 | D:1      | Reached XP level 1. HP: 14/14 MP: 1/1
   290 | D:1      | Reached XP level 2. HP: 19/19 MP: 2/2
   496 | D:1      | Reached XP level 3. HP: 19/23 MP: 3/3
   858 | D:1      | Found a faded altar of an unknown god.
  1467 | D:2      | Reached XP level 4. HP: 29/29 MP: 4/4
  1509 | D:2      | Noticed Natasha
  1518 | D:2      | Killed Natasha
  1640 | D:2      | Noticed Natasha
  1649 | D:2      | Killed from afar by a white imp

Illustrated notes

Levels and vault maps discovered:
D:1:      dpeg_arrival_pits, layout_loops_ring,
          hellmonk_ecumenical_altar_inner_sanctum
D:2:      layout_basic, uniq_natasha

Skill      XL: |  1  2  3  4 |
---------------+-------------+-----
Fighting       | 4 |  4.0
Armour         | 4 |  4.0
Shields        | 4 |  4.0
Maces & Flails | |  2.8

Action                   |  1- 3 |  4- 6 || total
-------------------------+-------+-------++-------
Melee: Flail             |   128 |    18 ||   146
Armor: Scale mail        |    79 |     8 ||    87
Dodge: Dodged            |    65 |     3 ||    68
Block: Buckler           |    35 |     4 ||    39
